 Dungeon Crawl Stone Soup version 0.21-a0-351-g38363bb (webtiles) character file.

8 Dfrag the Firebug (level 2, 10/19 HPs)
             Began as a Demonspawn Fire Elementalist on Oct 10, 2017.
             Quit the game on level 1 of the Dungeon.
             The game lasted 00:00:19 (117 turns).

Dfrag the Firebug (Demonspawn Fire Elementalist)     Turns: 117, Time: 00:00:19

Health: 10/19      AC:  2    Str:  8    XL:     2   Next: 0%
Magic:  0/5        EV: 12    Int: 16    God:
Gold:   0          SH:  0    Dex: 13    Spells: 4/5 levels left

rFire    . . .     SeeInvis .   e - +0 whip (elec)
rCold    . . .     Gourm    .   (no shield)
rNeg     . . .     Faith    .   a - +0 robe
rPois    .         Spirit   .   (no helmet)
rElec    .         Reflect  .   (no cloak)
rCorr    .         Harm     .   (no gloves)
MR       .....                  (no boots)
Stlth    ++........             (no amulet)
HPRegen  0.06/turn              (no ring)
MPRegen  0.09/turn              (no ring)

@: no status effects
A: spiny 1
a: no special abilities


You were on level 1 of the Dungeon.
You were not hungry.

You visited 1 branch of the dungeon, and saw 1 of its levels.

Inventory:

Hand Weapons
 e - a +0 whip of electrocution (weapon)
Armour
 a - a +0 robe (worn)
Scrolls
 d - a scroll of identify {unknown}
Books
 b - a book of Flames

   Spells                             Type                      Level
   a - Flame Tongue                   Conjuration/Fire             1
   b - Throw Flame                    Conjuration/Fire             2
   c - Conjure Flame                  Conjuration/Fire             3
   d - Inner Flame                    Hexes/Fire                   3
   e - Sticky Flame                   Conjuration/Fire             4
   f - Fireball                       Conjuration/Fire             5
Comestibles
 c - 2 bread rations
 f - a royal jelly
 g - 2 chunks of flesh


   Skills:
 - Level 1.7 Dodging
 - Level 1.7 Stealth
 + Level 2.2 Spellcasting
 + Level 1.4 Conjurations
 + Level 2.8 Fire Magic


You had 4 spell levels left.
You knew the following spells:

 Your Spells              Type           Power        Failure   Level  Hunger
a - Flame Tongue          Conj/Fire      #....        9%          1    #......


Dungeon Overview and Level Annotations

Branches:
Dungeon (1/15)

Altars:


Innate Abilities, Weirdness & Mutations

You are partially covered in sharp spines.


Message History

The slug dart hits you!
Casting: Flame Tongue
Confirm with . or Enter, or press ? or * to list all spells.
You don't have enough magic to cast that spell.
Unknown command.
Casting: Flame Tongue
Confirm with . or Enter, or press ? or * to list all spells.
You don't have enough magic to cast that spell.
Unknown command.
You are too injured to fight recklessly!
You hit the dart slug.
You kill the dart slug!
You have reached level 2!
Your demonic ancestry asserts itself...
Sharp spines emerge from parts of your body.
Found 10 gold pieces.
You see here a dart slug corpse.
You butcher the dart slug corpse.
g - 2 chunks of flesh Are you sure you want to abandon this character and quit the game? (Confirm with "yes".)

## . .. #. .# ..
###.# #### .# .#..
... ..# .# .#.#
#.#####.# .#
.#.###.##.##.####.#
....##.#.#......@.#
........###..####.#
.###.#.#.#.#.# .#
.# #...†.....# .#
.###.###)###.### $#
.....# #........ ..
##.#####........ .#
#...........######
#############


There were no monsters in sight!

Vanquished Creatures
  A dart slug (D:1)
  A leopard gecko (D:1)
  A hobgoblin (D:1)
  A frilled lizard (D:1)
  2 kobolds (D:1)
6 creatures vanquished.

Notes
Turn   | Place    | Note
-------+----------+-------------------------------------------
     0 | D:1      | Dfrag the Demonspawn Fire Elementalist began the quest for the Orb.
     0 | D:1      | Reached XP level 1. HP: 13/13 MP: 3/3
   113 | D:1      | Gained mutation: You are partially covered in sharp spines. [demonic ancestry]
   113 | D:1      | Reached XP level 2. HP: 9/19 MP: 0/5
   117 | D:1      | Quit the game

Vault maps used:
D:1:      ldierk_walled_garden_2, minmay_tromino_v2

Action                   || total
-------------------------++-------
Melee: Whip              ||     5
 Cast: Flame Tongue      ||     9
Dodge: Dodged            ||     2

Table legend:
 A = Spawn XP
 B = Non-spawn XP
 C = Spawn XP percentage of total XP
 D = Spawn monster count
 E = Non-spawn monster count
 F = Spawn count percentage of total count
 G = Total turns spent on level
                    A         B        C        D         E        F      G
               +---------+---------+-------+---------+---------+-------+---------
         Total |       0 |      12 |   0.0 |       0 |       6 |   0.0 |   117
               +---------+---------+-------+---------+---------+-------+---------
           D:1 |       0 |      12 |   0.0 |       0 |       6 |   0.0 |   117
               +---------+---------+-------+---------+---------+-------+---------
